Map: Ulrena

Players

AsusWing

  • Race: Protoss Protoss
  • League: Grandmaster

Impure - Winner!

  • Race: Terran Terran
  • League: Grandmaster

VOD

https://www.youtube.com/watch?v=9w0JIslmO5U

Description

Time

  • Played on: Jan. 7, 2016, 9:05 p.m.
  • Length: 16:09
Show
View Real Time Build Order
Export as new Build Order

AsusWing Protoss 

Build Orders: 1 Gate Expand 

Get SALT Encoding   

  12  0:02  Probe (Chrono Boost)  
  13  0:13  Probe (Chrono Boost)  
  14  0:17  Pylon  
  14  0:23  Probe (Chrono Boost)  
  15  0:36  Probe (Chrono Boost)  
  15  0:39  Gateway  
  16  0:50  Probe (Chrono Boost)  
  16  0:52  Assimilator  
  16  0:55  Assimilator  
  17  1:01  Probe (Chrono Boost)  
  18  1:24  Nexus  
  18  1:35  Cybernetics Core  
  18  1:43  Probe (Chrono Boost)  
  19  1:53  Probe (Chrono Boost)  
  19  1:54  Assimilator  
  20  2:04  Probe (Chrono Boost)  
  20  2:06  Pylon  
  21  2:12  Adept (Chrono Boost)  
  21  2:14  Warp Gate  
  23  2:24  Probe  
  24  2:32  Twilight Council  
  24  2:36  Probe (Chrono Boost)  
  25  2:40  Probe (Chrono Boost)  
  26  2:47  Probe (Chrono Boost)  
  26  2:50  Probe (Chrono Boost)  
  28  2:57  Probe (Chrono Boost)  
  29  3:02  Probe (Chrono Boost)  
  30  3:08  Mothership Core (Chrono Boost)  
  32  3:13  Probe (Chrono Boost)  
  32  3:14  Resonating Glaives  
  33  3:23  Probe (Chrono Boost)  
  33  3:26  Probe (Chrono Boost)  
  35  3:28  Robotics Facility  
  35  3:34  Probe (Chrono Boost), Pylon  
  36  3:39  Probe (Chrono Boost)  
  37  3:45  Probe (Chrono Boost)  
  38  3:51  Gateway  
  38  3:52  Gateway  
  38  3:55  Probe (Chrono Boost)  
  39  3:56  Probe (Chrono Boost)  
  40  4:05  Gateway  
  40  4:13  Gateway  
  40  4:24  Gateway x2  
  40  4:34  Gateway  
  40  4:37  Pylon  
  40  4:39  Warp Prism (Chrono Boost)  
  40  4:43  Adept  
  44  4:49  Adept  
  46  4:53  Pylon  
  46  4:55  Pylon  
  46  4:56  Adept  
  48  5:04  Pylon  
  48  5:06  Adept  
  50  5:11  Warp Prism (Chrono Boost)  
  52  5:36  Adept x4  
  52  5:37  Adept x3  
  52  5:41  Adept  
  54  6:11  Adept x7  
  56  6:12  Adept  
  58  6:20  Warp Prism (Chrono Boost)  
  56  6:42  Stalker  
  56  6:43  Stalker x4  
  65  7:18  Adept x4  
  65  7:19  Adept x2  
  55  7:35  Immortal (Chrono Boost)  
  55  7:36  Stalker x7  
  67  7:37  Zealot  
  67  7:40  Probe  
  67  7:41  Probe  
  71  7:44  Assimilator  
  71  7:46  Assimilator  
  71  7:51  Probe  
  71  7:53  Probe  
  73  8:01  Probe  
  74  8:05  Probe  
  77  8:13  Immortal (Chrono Boost)  
  77  8:19  Adept x3  
  65  8:20  Adept x5  
  65  8:33  Probe x2  
  67  8:46  Warp Prism (Chrono Boost)  
  71  8:53  Adept x6  
  71  8:54  Adept  
  83  8:56  Adept  
  85  9:13  Pylon  
  85  9:15  Pylon  
  85  9:17  Pylon  
  85  9:36  Adept x4  
  85  9:37  Adept x4  
  71  10:17  Adept x3  
  71  10:18  Adept x4  
  59  10:21  Probe  
  59  10:23  Adept x7  
  59  10:24  Adept  
  59  10:26  Warp Prism (Chrono Boost)  
  64  10:28  Probe  
  63  10:44  Adept x5  
  63  10:45  Adept x2  
  63  10:48  Adept  
  75  11:50  Probe  
  75  11:52  Immortal (Chrono Boost)  
  74  12:00  Nexus  
  60  12:03  Adept x3, Pylon  
  60  12:04  Adept x5  
  60  12:05  Mothership Core, Pylon  
  77  12:24  Adept x4  
  77  12:25  Adept x3  
  75  12:48  Stalker x3  
  81  13:06  Dark Shrine  
  81  13:21  Nexus  
  81  13:30  Pylon  
  81  13:37  Pylon  
  79  14:04  Immortal (Chrono Boost)  
  83  14:21  Dark Templar x3  
  83  14:23  Dark Templar  
  89  14:42  Dark Templar x2  
  89  14:43  Dark Templar  
  75  15:08  Dark Templar  
  75  15:11  Dark Templar  
  75  15:12  Dark Templar x2  
  70  15:32  Dark Templar x3  
  43  15:52  Dark Templar x3  
  43  15:53  Dark Templar  
Show
View Real Time Build Order
Export as new Build Order

Impure Terran - Winner!

Build Orders: Command Center First (CC), MMM Bio 

Get SALT Encoding   

  12  0:00  SCV  
  13  0:12  SCV  
  14  0:20  Supply Depot  
  14  0:25  SCV  
  15  0:41  SCV  
  16  0:53  SCV  
  17  1:02  Command Center  
  17  1:06  SCV  
  18  1:16  Barracks  
  18  1:25  SCV  
  19  1:34  Barracks  
  19  1:37  SCV  
  20  1:45  Barracks  
  20  1:49  SCV  
  21  2:05  Marine  
  21  2:07  Orbital Command  
  22  2:14  Orbital Command  
  22  2:21  Marine  
  23  2:23  Marine  
  23  2:29  Refinery  
  24  2:32  Refinery  
  24  2:33  SCV  
  24  2:35  Marine  
  26  2:39  SCV  
  26  2:41  Marine  
  26  2:44  Marine  
  29  2:49  SCV  
  30  2:53  Marine  
  30  2:54  SCV  
  32  3:00  Barracks Tech Lab  
  32  3:01  Marine  
  33  3:08  Bunker  
  33  3:09  SCV  
  33  3:10  Marine  
  35  3:14  Supply Depot  
  35  3:15  SCV  
  35  3:19  Stimpack, Marine  
  38  3:22  Marine  
  38  3:23  Engineering Bay  
  38  3:35  Marine  
  38  3:36  SCV x2  
  38  3:38  Supply Depot  
  40  3:43  Factory  
  40  3:48  SCV, Supply Depot  
  41  3:49  Marine  
  41  3:55  Marine x2  
  43  3:56  SCV  
  45  4:04  Missile Turret  
  45  4:06  SCV  
  45  4:07  Marine  
  45  4:08  Terran Infantry Weapons Level 1  
  47  4:12  SCV  
  47  4:13  Marine  
  47  4:14  Marine  
  50  4:19  SCV  
  50  4:23  Refinery  
  51  4:24  Marine  
  51  4:26  SCV  
  51  4:29  Starport, Factory Reactor  
  53  4:32  SCV  
  53  4:34  Barracks Reactor  
  54  4:40  Supply Depot  
  54  4:43  Barracks Reactor  
  54  4:50  Supply Depot  
  54  4:58  Supply Depot  
  54  5:02  SCV x2, Marine  
  57  5:13  Command Center, Marine x2  
  59  5:14  SCV  
  59  5:16  SCV  
  59  5:17  Medivac x2  
  65  5:24  Factory Tech Lab, Combat Shields  
  65  5:25  Marine x2  
  65  5:27  Marine  
  65  5:28  SCV  
  69  5:32  Marine  
  69  5:33  Marine  
  69  5:34  SCV  
  68  5:45  Marine x2  
  56  5:51  Marine x3  
  40  5:58  SCV x2  
  42  6:09  Marine  
  42  6:10  Marauder  
  31  6:19  SCV x2  
  32  6:28  Orbital Command  
  32  6:31  Marauder  
  32  6:40  Marine x2  
  32  6:42  Marine  
  32  6:43  Marine  
  32  6:45  Orbital Command  
  32  6:46  SCV  
  37  6:49  Siege Tank  
  37  6:52  Marine  
  41  6:55  SCV  
  42  7:01  Marine x2  
  42  7:02  Marine  
  42  7:06  Medivac  
  42  7:07  Medivac  
  49  7:10  SCV  
  49  7:12  SCV  
  49  7:13  SCV  
  51  7:32  SCV x2  
  51  7:34  Supply Depot  
  51  7:35  SCV  
  51  7:36  Marine  
  51  7:37  Marine x3  
  55  7:40  Marine  
  59  7:48  SCV  
  59  7:50  SCV  
  59  7:51  SCV  
  62  7:54  Marine  
  63  7:59  Marine x3  
  65  8:07  Orbital Command  
  65  8:12  Marine  
  64  8:16  Siege Tank, Medivac  
  62  8:24  SCV x2  
  61  8:28  Marine  
  62  8:35  Marine x2  
  62  8:37  Marine  
  62  8:38  SCV x2  
  62  8:39  SCV, Refinery  
  68  8:46  Terran Infantry Armor Level 1  
  67  8:50  SCV x2  
  67  8:51  Marine  
  70  8:55  SCV  
  70  8:56  Marine  
  70  8:57  Marine  
  70  8:59  Marine  
  70  9:02  SCV, Marine  
  75  9:03  SCV  
  75  9:08  SCV  
  75  9:09  Marine  
  79  9:19  Marine x2  
  79  9:22  SCV x2  
  82  9:36  Bunker  
  82  9:38  SCV x2  
  84  9:39  Supply Depot, SCV  
  85  9:49  Marine x2  
  85  9:50  SCV, Marine  
  74  9:53  Marine x2  
  53  10:01  Siege Tank, Medivac x2  
  57  10:07  Marine x3  
  57  10:11  Marine  
  57  10:12  Marauder  
  51  10:24  SCV x3  
  51  10:25  Marine x3  
  57  10:29  Marine  
  57  10:33  Marine  
  59  10:36  SCV x2  
  59  10:40  Siege Tank  
  59  10:42  SCV  
  65  10:43  Marine  
  65  10:48  SCV  
  67  10:53  Supply Depot  
  67  10:54  SCV  
  67  10:56  Marine  
  69  10:58  Marine  
  69  11:00  SCV  
  71  11:04  Marine x2  
  71  11:06  Marine  
  74  11:18  Marine x2  
  74  11:20  Siege Tank, Medivac  
  74  11:22  Marine  
  81  11:34  Marine x2  
  75  12:05  Marine x4  
  75  12:06  Marine  
  75  12:08  SCV x2  
  81  12:11  Supply Depot  
  81  12:12  Armory  
  82  12:23  Marine  
  82  12:25  SCV x2  
  84  12:37  SCV x3, Marine  
  74  12:38  Marine x2  
  79  12:49  Bunker  
  79  12:51  Supply Depot, Liberator  
  79  12:58  Liberator  
  77  13:04  Marauder, Marine x2  
  81  13:06  Siege Tank  
  81  13:11  Orbital Command  
  87  13:17  SCV  
  91  13:25  Terran Infantry Weapons Level 2  
  91  13:29  SCV x2  
  93  13:38  Marine  
  93  13:39  Marine x3  
  97  13:45  SCV x2  
  97  13:47  Marine  
  100  13:59  Marine x3  
  101  14:04  Marine  
  101  14:05  Medivac, Siege Tank, Marine  
  108  14:12  Supply Depot  
  108  14:13  Supply Depot  
  108  14:32  Medivac  
  108  14:36  Marine x2  
  108  14:37  Marine x3  
  108  14:38  Siege Tank  
  111  14:54  Marine  
  106  15:02  Missile Turret  
  105  15:13  Marine  
  105  15:14  Marine  
  106  15:16  Marine  
  106  15:19  Marine  
  106  15:20  Marine  
  85  15:31  Marine  
  85  15:34  Marine x2  
  79  15:35  Siege Tank  
  79  15:36  Medivac x2  
  79  15:37  Marine  
  79  15:38  Marine  
  88  15:45  SCV x3  
  88  15:49  Missile Turret, Marine  
Tags
 
Add a new tag
Caveats
  • Supply blocks, unpowered buildings, or Contaminate may cause inaccurate times.
  • Supply counts are checked every 10 seconds.